 Dungeon Crawl Stone Soup version 0.31-a0-175-g9f7f995f2b (webtiles) character file.

Game seed: 9568046810942980548

660 Anon1729 the Trooper (level 7, -15/61 HPs)
             Began as a Minotaur Monk on June 16, 2023.
             Demolished by an ogre
             ... wielding a +0 giant club
              (24 damage)
             ... on level 6 of the Dungeon.
             The game lasted 00:03:05 (4458 turns).

Anon1729 the Trooper (Minotaur Monk)                Turns: 4458, Time: 00:03:05

Health: -15/61     AC:  4    Str: 21    XL:     7   Next: 30%
Magic:  8/8        EV: 13    Int:  7    God:
Gold:   133        SH:  7    Dex: 15    Spells: 6/6 levels left

rFire   . . .        a - +0 short sword
rCold   . . .        l - +2 buckler
rNeg    . . .        b - +0 robe
rPois   .            (helmet restricted)
rElec   .            q - +1 cloak
rCorr   .            (no gloves)
SInv    .            (no boots)
Will    .....        i - amulet of magic regeneration
Stlth   +            n - +6 ring of strength
HPRegen 0.30/turn    (no ring)
MPRegen 0.51/turn

%: no passive effects
@: no status effects
A: horns 2, retaliatory headbutt
a: no special abilities


You were on level 6 of the Dungeon.
You visited 1 branch of the dungeon, and saw 6 of its levels.

You collected 273 gold pieces.
You spent 140 gold pieces at shops.

Inventory:

Hand Weapons
 a - a +0 short sword (weapon)
Missiles
 v - a throwing net
Armour
 b - a +0 robe (worn)
 d - an orb of light
 l - a +2 buckler (worn)
 q - a +1 cloak (worn)
Jewellery
 i - an amulet of magic regeneration (around neck)
 n - a +6 ring of strength (left hand)
Wands
 w - a wand of flame (20)
Scrolls
 e - a scroll of fear
 f - 2 scrolls of blinking
 h - a scroll of revelation
 j - 2 scrolls of enchant armour
 m - 3 scrolls of poison
 p - 4 scrolls of teleportation
 x - 2 scrolls of immolation
Potions
 c - a potion of ambrosia
 g - a potion of enlightenment {unknown}
 o - a potion of cancellation
 s - a potion of mutation {unknown}
 t - a potion of haste {unknown}
 u - a potion of curing


   Skills:
 + Level 5.4 Fighting
 + Level 4.9 Short Blades
 + Level 3.7 Armour
 + Level 4.9 Dodging
 + Level 3.0 Shields
 + Level 2.9 Invocations


You had 6 spell levels left.
You didn't know any spells.
Your spell library contained the following spells:

 Spells                   Type           Power      Damage    Failure   Level
 Lesser Beckoning         Tloc           0%         N/A       65%         2
 Sublimation of Blood     Necr           0%         N/A       65%         2
 Wereblood                Tmut           0%         N/A       65%         2
 Gell's Gravitas          Tloc           0%         N/A       86%         3
 Teleport Other           Tloc           0%         N/A       86%         3
 Summon Hydra             Summ           0%         N/A       100%        7
 Borgnjor's Revivificati  Necr           0%         N/A       100%        8
 Necromutation            Tmut/Necr      0%         N/A       100%        8
 Death's Door             Necr           0%         N/A       100%        9


Dungeon Overview and Level Annotations

Branches:
Dungeon (6/15)
 Temple: D:4-7

Altars:

Shops:
D:1 (   D:5 *

Annotations:
D:6 Prince Ribbit


Innate Abilities, Weirdness & Mutations

You have a pair of horns on your head.
You reflexively headbutt those who attack you in melee.


Message History

You hit Prince Ribbit but do no damage. You headbutt Prince Ribbit.
Prince Ribbit is moderately wounded.
You block Prince Ribbit's attack.
You barely miss Prince Ribbit.
Prince Ribbit is moderately wounded.
Prince Ribbit blinks!
No target in view!
Prince Ribbit is nearby!
Prince Ribbit blinks! x2
An ogre comes into view. It is wielding a +0 giant club.
The ogre shouts!
Prince Ribbit blinks!
You barely miss Prince Ribbit. Your headbutt misses Prince Ribbit.
Prince Ribbit is moderately wounded.
Prince Ribbit hits you.
You hit Prince Ribbit.
Prince Ribbit is moderately wounded.
The ogre closely misses you. You furiously retaliate!
You headbutt the ogre.
Prince Ribbit blinks!
You hit the ogre.
The ogre is lightly wounded.
You miss Prince Ribbit.
Prince Ribbit is moderately wounded.
Prince Ribbit blinks!
The ogre closely misses you.
You hit the ogre.
The ogre is moderately wounded.
You hit the ogre.
The ogre is moderately wounded.
Prince Ribbit catches a moth with his tongue.
You block the ogre's attack.
You barely miss Prince Ribbit. You headbutt Prince Ribbit.
Prince Ribbit is heavily wounded.
Prince Ribbit hits you.
You are too injured to fight recklessly!
Prince Ribbit hits you. Prince Ribbit barely misses you.
Prince Ribbit attacks as you move away! Prince Ribbit hits you!
* * * LOW HITPOINT WARNING * * *
The ogre attacks as you move away!
The ogre hits you with a +0 giant club!!
You die...

.....# .. ....####.##
#......... #. #.#.
#.......### ###.##...
#.........#
#.......### #......#
#.........# #......#
#...!...#.# ###.@O...#
#.......#'###....F...#
#....................#
#..$.................#
#####................#
#.........###+########
#.###########.#
#.#####.......#####
#.#...............#


You could see Prince Ribbit and an ogre.

Vanquished Creatures
  Menkaure (D:6)
  A phantom (D:6)
  A hound (D:6)
  2 gnoll boudas (D:5)
  An orc priest (D:4)
  Jessica (D:2)
  Terence (D:2)
  2 orc wizards (D:4)
  4 gnolls (D:5)
  7 adders
  A river rat (D:3)
  2 shadow imps (D:5)
  A white imp (D:5)
  An ufetubus (D:5)
  2 worms (D:2)
  11 orcs
  6 endoplasms
  6 giant cockroaches
  10 hobgoblins
  3 jackals (D:2)
  3 quokkas
  5 ball pythons
  4 bats
  A frilled lizard (D:2)
  11 goblins
  9 kobolds
  6 rats
103 creatures vanquished.

Notes
Turn   | Place    | Note
-------+----------+-------------------------------------------
     0 | D:1      | Anon1729 the Minotaur Monk began the quest for the Orb.
     0 | D:1      | Reached XP level 1. HP: 19/19 MP: 0/0
   182 | D:1      | Reached XP level 2. HP: 27/27 MP: 1/1
   232 | D:1      | Found Fewnitt's Weapon Shoppe.
   255 | D:1      | Reached skill level 1 in Armour
   702 | D:2      | Noticed Terence
   715 | D:2      | HP: 1/27 [Terence/+1 hand axe of freezing (1)]
   717 | D:2      | Killed Terence
   718 | D:2      | Reached skill level 4 in Fighting
   718 | D:2      | Reached skill level 1 in Invocations
   718 | D:2      | Reached XP level 3. HP: 2/33 MP: 2/2
   890 | D:2      | Noticed Jessica
   899 | D:2      | Killed Jessica
   900 | D:2      | Reached XP level 4. HP: 16/40 MP: 2/4
  1829 | D:3      | Reached XP level 5. HP: 47/47 MP: 5/5
  2518 | D:3      | Reached skill level 1 in Shields
  3048 | D:4      | Reached XP level 6. HP: 53/53 MP: 6/6
  3249 | D:5      | Entered Level 5 of the Dungeon
  3739 | D:5      | Reached skill level 5 in Fighting
  3890 | D:5      | Found Samabean's Assorted Antiques.
  3898 | D:5      | Bought a scroll labelled FEDANOAGUL for 28 gold pieces
  3898 | D:5      | Bought a scroll labelled OQIB DYTOBEIS for 28 gold pieces
  3898 | D:5      | Bought a scroll labelled OQIB DYTOBEIS for 28 gold pieces
  3898 | D:5      | Bought a scroll labelled JIERUP IS BUMN for 28 gold pieces
  3898 | D:5      | Bought a scroll labelled JIERUP IS BUMN for 28 gold pieces
  4126 | D:6      | Noticed Menkaure
  4135 | D:6      | Killed Menkaure
  4136 | D:6      | Reached XP level 7. HP: 46/61 MP: 6/8
  4422 | D:6      | Noticed Prince Ribbit
  4458 | D:6      | Demolished by an ogre

Illustrated notes

Levels and vault maps discovered:
D:1:      giann_horns, layout_rooms, serial_shops, shop
D:2:      layout_basic, nicolae_half_adder, uniq_terence, uniq_jessica
D:3:      layout_basic, gup_sewer_entry_bubbles, minmay_goblin_kobold_house
D:4:      layout_rooms
D:5:      cheibrodos_quashed, layout_loops_ring, serial_shops, shop
D:6:      layout_basic, mainiacjoe_overflow_big_doors, minmay_temple_entry_hall,
          uniq_prince_ribbit1, uniq_menkaure, uniq_grinder

Skill      XL: |  1  2  3  4  5  6  7 |
---------------+----------------------+-----
Armour         | 1 2 3 |  3.7
Fighting       | 4 5 |  5.4
Invocations    | 1 2 |  2.9
Dodging        | 4 |  4.9
Short Blades   | 4 |  4.9
Shields        | 1 2 3 |  3.0

Action                     |  1- 3 |  4- 6 |  7- 9 || total
---------------------------+-------+-------+-------++-------
  Melee: Short sword       |    58 |   295 |    43 ||   396
         Headbutt          |    14 |    60 |    10 ||    84
    Use: Scroll            |       |    10 |       ||    10
         Potion            |       |       |     2 ||     2
   Stab: Sleeping          |       |     4 |       ||     4
 Armour: Robe              |     2 |    55 |     4 ||    61
  Dodge: Dodged            |    27 |   132 |    34 ||   193
  Block: Buckler           |     4 |    69 |    20 ||    93

Table legend: (Time is in decaauts)
 A = Elapsed time spent in this place.
 B = Non-inter-level travel time spent in this place.
 C = Inter-level travel time spent in this place.
 D = Time resting spent in this place.
 E = Time spent auto-exploring this place.
 F = Levels seen in this place.
 G = Mean time per level.
                   A        B        C        D        E       F      G
               +--------+--------+--------+--------+--------+-----+--------+
         Total |   4418 |   4126 |    292 |    272 |   3145 |   6 |  736.3 |
       Dungeon |   4418 |   4126 |    292 |    272 |   3145 |   6 |  736.3 |
               +--------+--------+--------+--------+--------+-----+--------+

Top non-repeatable levels by time:
     D:2: 1093 daAuts
     D:5: 1001 daAuts
     D:3: 937 daAuts
     D:1: 690 daAuts
     D:4: 510 daAuts
     D:6: 186 daAuts
